 Dungeon Crawl Stone Soup version 0.28-a0-804-g60983d4ba9 (webtiles) character file.

Game seed: 13897688944877238002

2814 funkygono the Arsonist (level 9, 0/48 HPs)
             Began as a Gargoyle Fire Elementalist on Nov 7, 2021.
             Slain by Duvessa (2 damage)
             ... on level 6 of the Dungeon.
             The game lasted 00:13:18 (8376 turns).

funkygono the Arsonist (Gargoyle Fire Elementalist) Turns: 8376, Time: 00:13:19

Health: 0/48       AC: 13    Str: 13    XL:     9   Next: 72%
Magic:  13/19      EV: 12    Int: 18    God:
Gold:   244        SH:  0    Dex: 10    Spells: 8/22 levels left

rFire   . . .      SeeInvis .   n - +2 flail (protect)
rCold   . . .      Faith    .   (no shield)
rNeg    + . .      Spirit   .   a - +0 robe
rPois   ∞          Reflect  .   q - +1 helmet
rElec   +          Harm     .   l - scarf {+Inv}
rCorr   .          Rampage  .   (no gloves)
Will    .....                   p - +2 pair of boots
Stlth   ++........              w - amulet of magic regeneration
HPRegen 0.16/turn               g - ring of wizardry
MPRegen 0.41/turn               (no ring)

@: no status effects
A: sickness immunity, AC +6, negative energy resistance 1, electricity
resistance, torment resistance 1, petrification resistance
a: Evoke Invisibility


You were on level 6 of the Dungeon.
You visited 2 branches of the dungeon, and saw 9 of its levels.

You collected 244 gold pieces.

Inventory:

Hand Weapons
 d - a +1 whip of venom
 n - a +2 flail of protection (weapon)
 t - a +4 mace
Missiles
 b - 184 stones
Armour
 a - a +0 robe (worn)
 h - a +0 pair of boots
 i - a +0 ring mail of poison resistance
 l - a scarf of invisibility (worn)
 p - a +2 pair of boots (worn)
 q - a +1 helmet (worn)
 u - a +0 tower shield
Jewellery
 g - a ring of wizardry (left hand)
 w - an amulet of magic regeneration (around neck)
 z - a ring of flight
Wands
 r - a wand of polymorph (5)
 s - a wand of flame (14)
 x - a wand of charming (6)
 y - a wand of digging (4)
Scrolls
 A - a scroll of blinking {unknown}
Potions
 c - a potion of resistance {unknown}
 e - a potion of curing {unknown}
 f - 4 potions of mutation
 j - a potion of lignification {unknown}
 k - a potion of berserk rage
 m - a potion of brilliance {unknown}
 o - a potion of haste {unknown}
 v - a potion of flight {unknown}


   Skills:
 + Level 1.7 Fighting
 + Level 2.8 Maces & Flails
 + Level 2.8 Dodging
 - Level 2.1 Stealth
 * Level 7.2 Spellcasting
 * Level 5.9 Conjurations
 * Level 8.5 Fire Magic


You had 8 spell levels left.
You knew the following spells:

 Your Spells              Type           Power      Damage    Failure   Level
a - Foxfire               Conj/Fire      100%       2x1d9     1%          1
b - Scorch                Fire           74%        2d8       1%          2
c - Conjure Flame         Conj/Fire      32%        6-21      1%          3
d - Flame Wave            Conj/Fire      32%        3d7       2%          4
e - Sticky Flame          Conj/Fire      32%        2d5       2%          4

Your spell library contained the following spells:

 Spells                   Type           Power      Damage    Failure   Level
 Static Discharge         Conj/Air       17%        N/A       1%          2
 Inner Flame              Hex/Fire       21%        N/A       2%          3
 Animate Skeleton         Necr           12%        N/A       4%          1
 Apportation              Tloc           12%        N/A       4%          1
 Freeze                   Ice            24%        1d5       4%          1
 Slow                     Hex            24%        N/A       4%          1
 Summon Small Mammal      Summ           24%        N/A       4%          1
 Dazzling Flash           Conj/Hex       34%        N/A       4%          3
 Hailstorm                Conj/Ice       17%        3d6       12%         4
 Iskenderun's Mystic Bla  Conj/Tloc      17%        2d5       12%         4
 Confusing Touch          Hex            6%         N/A       13%         3
 Frozen Ramparts          Ice            12%        1d3       13%         3
 Irradiate                Conj/Tmut      8%         3d16      32%         5
 Starburst                Conj/Fire      16%        6d6       32%         6
 Dispel Undead            Necr           6%         3d8       38%         4
 Petrify                  Tmut/Erth      6%         N/A       38%         4
 Yara's Violent Unravell  Hex/Tmut       3%         3d4       71%         5
 Sublimation of Blood     Necr           Unusable   N/A       N/A         2

Dungeon Overview and Level Annotations

Branches:
Dungeon (8/15)             Temple (1/1) D:4
   Lair: D:8-11

Altars:
Ashenzari
Cheibriados
Elyvilon
Fedhas
Gozag
Hepliaklqana
Makhleb
Nemelex Xobeh
Okawaru
Qazlal
Ru
Sif Muna
Uskayaw
Xom
Yredelemnul
The Shining One

Annotations:
D:6 Dowan, Duvessa
D:7 Menkaure


Innate Abilities, Weirdness & Mutations

You are immune to sickness and miasma.
Your stone body is resilient. (AC +6)
You are immune to poison.
You resist negative energy. (rN+)
You are resistant to electric shocks. (rElec)
You are resistant to unholy torment.
You are immune to petrification.


Message History

Duvessa barely misses you.
Casting: Foxfire (safe; 1% risk of failure)
Confirm with . or Enter, or press ? or * to list all spells.
You conjure some foxfire!
Duvessa hits you with a +0 short sword.
* * * LOW HITPOINT WARNING * * *
Unknown command.
Casting: Foxfire (safe; 1% risk of failure)
Confirm with . or Enter, or press ? or * to list all spells.
Flames lash Duvessa.
Duvessa is almost dead.
Duvessa's fire resistance burns away.
The foxfire hits Duvessa.
Duvessa is almost dead.
The foxfire hits Duvessa but does no damage.
Duvessa is almost dead.
Duvessa hits you with a +0 short sword.
* * * LOW HITPOINT WARNING * * *
Duvessa hits you but does no damage.
Dowan says, "My weaknesses are her strengths!"
Duvessa closely misses you.
You barely miss Duvessa.
Duvessa is almost dead.
Duvessa hits you with a +0 short sword.
* * * LOW HITPOINT WARNING * * *
Duvessa hits you but does no damage.
Okay, then.
Duvessa is no longer more vulnerable to fire.
Duvessa hits you with a +0 short sword.
* * * LOW HITPOINT WARNING * * *
Duvessa hits you but does no damage. Duvessa closely misses you.
Duvessa hits you with a +0 short sword.
* * * LOW HITPOINT WARNING * * *
Duvessa barely misses you. Duvessa hits you with a +0 short sword.
* * * LOW HITPOINT WARNING * * *
Dowan says, "Magic and the sword, together, will defeat you."
Casting: Scorch (safe; 1% risk of failure)
Confirm with . or Enter, or press ? or * to list all spells.
You conjure some foxfire!
Duvessa hits you with a +0 short sword.
You die...

###.##
####.#####
#..#.# #.#
#...†...#
#....# #.#
#.##.##.#
##.### #'#
#.##.##.#
#.# ...
#.##.####
### ..
#.##.#
##.##.###
####....v..#
+......v@..#
####...#e###
##.##.# ###
####e# ###..
... ### #.#
##..#. #'#
##.####.#
##..### #.#
#...e...#
##.### # #.#
##.######
###.#.# ##
##.#### #.#
#...#.###[


You could see Duvessa (fast, ally target) and Dowan.

Vanquished Creatures
  An ugly thing (D:6)
  Sigmund (D:5)
  A wyvern (D:6)
  Edmund (D:4)
  An ice beast (D:5)
  A sky beast (D:6)
  5 ogres
  2 kobold brigands
  2 gnoll sergeants (D:6)
  A scorpion (D:6)
  5 wights
  An orc priest (D:6)
  5 hounds (D:6)
  2 jellies
  Jessica (D:2)
  Ijyb (D:5)
  3 iguanas
  4 orc wizards
  A hound skeleton (D:5)
  8 gnolls
  8 adders
  7 river rats (D:6)
  A shadow imp (D:6)
  An ufetubus (D:4)
  2 adder skeletons
  2 dart slugs
  A worm (D:3)
  19 orcs
  10 ball pythons
  7 endoplasms
  4 giant cockroaches
  4 goblins
  6 hobgoblins
  4 jackals (D:4)
  11 kobolds
  13 quokkas
  3 bats
  5 frilled lizards
  A quokka skeleton (D:4)
  23 rats
179 creatures vanquished.

Vanquished Creatures (others)
  490 foxfires
  7 plants (D:8)
497 creatures vanquished.

Grand Total: 676 creatures vanquished

Notes
Turn   | Place    | Note
-------+----------+-------------------------------------------
     0 | D:1      | funkygono the Gargoyle Fire Elementalist began the quest
                  | for the Orb.
     0 | D:1      | Reached XP level 1. HP: 10/10 MP: 3/3
   333 | D:1      | Reached XP level 2. HP: 15/15 MP: 0/5
   479 | D:1      | Learned a level 2 spell: Scorch
   941 | D:1      | Reached XP level 3. HP: 19/19 MP: 1/6
   947 | D:1      | Learned a level 3 spell: Conjure Flame
  1719 | D:2      | Reached skill level 4 in Fire Magic
  1719 | D:2      | Reached XP level 4. HP: 24/24 MP: 2/7
  1803 | D:2      | Found a faded altar of an unknown god.
  1852 | D:2      | Noticed Jessica
  1854 | D:2      | Killed Jessica
  2439 | D:2      | Reached XP level 5. HP: 19/28 MP: 1/9
  3258 | D:4      | Noticed Edmund
  3275 | D:4      | Killed Edmund
  3276 | D:4      | Reached skill level 5 in Fire Magic
  3276 | D:4      | Reached XP level 6. HP: 11/32 MP: 1/11
  3281 | D:4      | Learned a level 4 spell: Flame Wave
  3546 | D:4      | Reached skill level 1 in Maces & Flails
  3717 | D:4      | Found a blossoming altar of Fedhas.
  3745 | D:4      | Found a hide-covered altar of Uskayaw.
  4186 | D:4      | Reached XP level 7. HP: 36/36 MP: 9/13
  4491 | D:4      | Found a staircase to the Ecumenical Temple.
  4501 | Temple   | Entered the Ecumenical Temple
  4800 | D:4      | Learned a level 4 spell: Sticky Flame
  4875 | D:5      | Entered Level 5 of the Dungeon
  5058 | D:5      | Noticed Ijyb
  5072 | D:5      | Killed Ijyb
  5663 | D:5      | Reached skill level 6 in Fire Magic
  6084 | D:5      | Identified a scroll of acquirement
  6084 | D:5      | Acquired a book of Spectacle
  6363 | D:6      | Reached XP level 8. HP: 24/42 MP: 3/15
  6384 | D:6      | HP: 1/42 [ogre (14)]
  6603 | D:6      | Reached skill level 1 in Fighting
  6782 | D:6      | Reached skill level 5 in Spellcasting
  7009 | D:6      | Found a snail-covered altar of Cheibriados.
  7046 | D:6      | Noticed a wyvern
  7048 | D:6      | Noticed Sigmund
  7061 | D:6      | Killed a wyvern
  7186 | D:5      | Killed Sigmund
  7187 | D:5      | Reached skill level 5 in Conjurations
  7187 | D:5      | Reached skill level 7 in Fire Magic
  7353 | D:6      | Reached XP level 9. HP: 44/47 MP: 11/18
  7998 | D:6      | Reached skill level 8 in Fire Magic
  8002 | D:6      | You fall into a shaft and drop 2 floors!
  8113 | D:7      | Noticed Menkaure
  8326 | D:6      | Noticed a cyan ugly thing
  8342 | D:6      | Killed a cyan ugly thing
  8344 | D:6      | Noticed Duvessa
  8351 | D:6      | Noticed Dowan
  8374 | D:6      | HP: 1/48 [Duvessa (5)]
  8376 | D:6      | Slain by Duvessa

Illustrated notes

Levels and vault maps discovered:
D:1:      lemuel_arrival_river_ford, layout_basic, minmay_three_crescents
D:2:      layout_basic, hellmonk_ecumenical_altar_arch_garden, uniq_jessica
D:3:      layout_rooms, corexii_leaking_fountain, minmay_misc_feat_roman
D:4:      layout_loops_ring, mainiacjoe_overflow_catwalk_spiral,
          minmay_temple_entry_fiery, uniq_edmund
D:5:      layout_loops_ring, uniq_ijyb
D:6:      lemuel_ratsnest, layout_loops_corners, lemuel_round_altar,
          minivault_25, uniq_sigmund, uniq_duvessa
D:7:      layout_loops_ring, lemuel_round_altar,
          chequers_temple_overflow_statue_of_worship,
          kennysheep_generic_room_16, uniq_menkaure
D:8:      layout_cave_pods, nicolae_kikubaaqudgha_miasma_corner,
          dpeg_oklobed_lair, serial_bayou_ford_a
Temple:   nicolae_temple_figure_eight

Skill      XL: |  1  2  3  4  5  6  7  8  9 |
---------------+----------------------------+-----
Conjurations   | 2 3 4 5 |  5.9
Fire Magic     | 4 5 6 7 8 |  8.5
Spellcasting   | 3 4 6 7 |  7.2
Maces & Flails | 1 2 |  2.8
Dodging        | 2 |  2.8
Fighting       | 1 |  1.7
Stealth        | |  2.1

Action                   |  1- 3 |  4- 6 |  7- 9 || total
-------------------------+-------+-------+-------++-------
Melee: Unarmed           |     1 |       |       ||     1
       Whip              |    11 |    38 |       ||    49
       Flail             |       |       |   144 ||   144
 Cast: Foxfire           |    59 |    78 |   154 ||   291
       Scorch            |       |    12 |    37 ||    49
       Flame Wave        |       |       |     4 ||     4
  Use: Scroll            |     3 |     3 |     4 ||    10
       Potion            |       |       |     3 ||     3
Armor: Robe              |     5 |    15 |   117 ||   137
Dodge: Dodged            |    16 |    26 |   178 ||   220

Table legend: (Time is in decaauts)
 A = Elapsed time spent in this place.
 B = Non-inter-level travel time spent in this place.
 C = Inter-level travel time spent in this place.
 D = Time resting spent in this place.
 E = Time spent auto-exploring this place.
 F = Levels seen in this place.
 G = Mean time per level.
                   A        B        C        D        E       F      G
               +--------+--------+--------+--------+--------+-----+--------+
         Total |   8440 |   8297 |    143 |    533 |   6295 |   9 |  937.8 |
       Dungeon |   8200 |   8082 |    118 |    533 |   6080 |   8 | 1025.0 |
        Temple |    240 |    215 |     25 |      0 |    215 |   1 |  240.0 |
               +--------+--------+--------+--------+--------+-----+--------+

Top non-repeatable levels by time:
     D:6: 1975 daAuts
     D:4: 1478 daAuts
     D:5: 1469 daAuts
     D:1: 1388 daAuts
     D:2: 1086 daAuts
     D:3: 688 daAuts
  Temple: 240 daAuts
     D:8: 105 daAuts
     D:7: 6 daAuts
